 Dungeon Crawl Stone Soup version 0.26.1-11-gd32895ea62 (webtiles) character file.

Game seed: 8663371307763269131

9620 TheGreatAnchovy the Blocker (level 11, -1/59 HPs)
             Began as a Vine Stalker Fighter on Apr 26, 2021.
             Was a High Priest of Okawaru.
             Succumbed to a killer bee's poison
             ... on level 10 of the Dungeon on Apr 27, 2021.
             The game lasted 00:21:44 (10546 turns).

TheGreatAnchovy the Blocker (Vine Stalker Fighter) Turns: 10546, Time: 00:21:45

Health: -1/59      AC:  9    Str: 35    XL:     11   Next: 49%
Magic:  5/10       EV: 15    Int: 14    God:    Okawaru [*****.]
Gold:   767        SH: 16    Dex: 20    Spells: 10/10 levels left

rFire    + . .     SeeInvis .   H - +6 scimitar (flame)
rCold    . . .     Faith    .   c - +0 kite shield
rNeg     . . .     Spirit   +   b - +0 scale mail
rPois    .         Reflect  .   (no helmet)
rElec    .         Harm     .   (no cloak)
rCorr    .         Rampage  .   (no gloves)
Will     ++...                  (no boots)
Stlth    ++........             y - amulet "Syaptaz" {Spirit rF+ Str+7 Int+4}
HPRegen  0.59/turn              C - +6 ring of dexterity
MPRegen  0.12/turn              r - +6 ring of strength

@: lethally poisoned (-1 -> -4), heroism, slowed, very slow
A: fangs 3, clever 1, deterioration 1, low mp 1, strong-willed 1, regeneration
1, magic shield, antimagic bite, no potion heal 3
a: Renounce Religion, Heroism, Finesse


You were on level 10 of the Dungeon.
You worshipped Okawaru.
Okawaru was extremely pleased with you.
You visited 1 branch of the dungeon, and saw 10 of its levels.

You collected 767 gold pieces.

Inventory:

Hand Weapons
 k - the cursed +1 rapier "Ociheh" {drain, *Noise rPois rC++ Will+}
   (You took it off a big kobold on level 10 of the Dungeon)

   A truly terrible weapon, it drains the life of those it strikes.
   It greatly protects you from cold.
   It protects you from poison.
   It affects your willpower, your defense against some magical effects.
   It may make noises in combat.
   It has a curse placed upon it.
 B - a +1 long sword of flaming
 H - a +6 scimitar of flaming (weapon)
Armour
 b - a +0 scale mail (worn)
 c - a +0 kite shield (worn)
Jewellery
 j - an uncursed ring of resist corrosion
 l - an uncursed ring of wizardry
 n - an uncursed ring of fire
 r - a +6 ring of strength (right hand)
 s - an uncursed amulet of reflection
 v - an uncursed ring of stealth
 w - an uncursed ring of fire
 y - the amulet "Syaptaz" (around neck) {Spirit rF+ Str+7 Int+4}
   (You found it on level 7 of the Dungeon)

   [amulet of guardian spirit]

   It causes incoming damage to be split between your health and magic.
   It affects your strength (+7).
   It affects your intelligence (+4).
   It protects you from fire.
 C - a +6 ring of dexterity (left hand)
Wands
 f - a wand of polymorph (10)
 i - a wand of flame (27)
 o - a wand of acid (1)
 p - a wand of paralysis (18)
 x - a wand of enslavement (7)
 I - a wand of disintegration (19)
Scrolls
 d - a scroll of enchant armour {unknown}
 e - 9 scrolls of identify
 g - 4 scrolls of teleportation
 h - 4 scrolls of remove curse
 m - 2 scrolls of magic mapping {unknown}
 u - 3 scrolls of amnesia {unknown}
 A - a scroll of blinking
 D - a scroll of immolation {unknown}
 E - a scroll of fog {unknown}
Potions
 a - 2 potions of might
 q - a potion of heal wounds
 z - 2 potions of cancellation
 G - a potion of haste
Miscellaneous
 F - a phantom mirror (inert) (quivered)


   Skills:
 + Level 7.7(12.7) Fighting
 + Level 7.4(12.4) Long Blades
 + Level 7.1(12.1) Armour
 + Level 1.3(6.3) Dodging
 * Level 10.6(15.6) Shields


You had 10 spell levels left.
You didn't know any spells.
Your spell library contained the following spells:

 Spells                   Type           Power        Failure   Level
 Corona                   Hex            0%           43%         1
 Ensorcelled Hibernation  Hex/Ice        0%           56%         2
 Confusing Touch          Hex            0%           80%         3
 Dazzling Flash           Conj/Hex       0%           80%         3
 Tukima's Dance           Hex            0%           80%         3


Dungeon Overview and Level Annotations

Branches:
Dungeon (10/15)            Temple (0/1) D:7
   Lair: D:8-11         Orc: D:9-12

Altars:
Ashenzari
Dithmenos
Gozag
Hepliaklqana
Makhleb
Nemelex Xobeh
Okawaru
Qazlal
Ru
Trog
Vehumet
Xom
The Shining One

Shops:
D:5 *

Annotations:
D:5 2 transporters


Innate Abilities, Weirdness & Mutations

You have razor-sharp teeth.
Your natural rate of healing is unusually fast.
When hurt, damage is shared between your health and your magic reserves.
Your bite disrupts and absorbs the magic of your enemies.
Potions cannot restore your health.
Your mind is acute. (Int +2)
Your body sometimes deteriorates upon taking damage.
Your magical capacity is low. (-10% MP)
You are strong-willed. (Will+)


Message History

You feel yourself wasting away.
You feel less energetic.
You feel clever.
You feel strong-willed.
* * * LOW HITPOINT WARNING * * *
You feel sick.
As you read the scroll of teleportation, it crumbles to dust.
You feel strangely unstable.
* * * LOW HITPOINT WARNING * * *
You feel very sick.
Your surroundings suddenly seem different.
* * * LOW HITPOINT WARNING * * *
You feel sick.
A worker ant comes into view.
There is a lethal amount of poison in your body!
It was a potion of heal wounds.
That seemed strangely inert.
* * * LOW HITPOINT WARNING * * *
You feel sick.
Okay, then.
Okay, then.
You gain the combat prowess of a mighty hero.
You die...

#
#...####.........#
#..# # #...#
#.........# #..# #
#...# #.........#
#..# # #...#
#.........# #..# #
#...# #.........#
#.†# # #...#
#..B......# #†.# #
#...# #.........#
#..# # #.........#
#..# # #.....@...#
#..# #
#.........###..# #
#..............# #
#..............# #
#........#####.# #
#.######.# #.# #
#.# #.# #.# # #.#
#.# #.# # #.# #.#
#.#


You could see a worker ant.

Vanquished Creatures
  Erica (D:9)
  A two-headed ogre (D:10)
  Joseph (D:9)
  The ghost of buriedalive the Conjurer, a novice DECj (D:5)
  A troll (D:10)
  Sigmund (D:3)
  A wyvern (D:9)
  A wraith (D:10)
  11 yaks
  Menkaure (D:5)
  A water moccasin (D:6)
  4 orc warriors
  3 sky beasts
  6 ogres
  A necrophage (D:8)
  7 centaurs
  2 big kobolds
  7 bullfrogs
  A gnoll sergeant (D:3)
  3 scorpions
  2 jellies
  6 wights
  10 killer bees (D:10)
  2 howler monkeys (D:4)
  3 hounds
  2 quasits (D:6)
  2 centaur zombies
  4 gnoll shamans
  6 orc wizards
  A bullfrog skeleton (D:8)
  2 centaur skeletons
  8 orc priests
  Ijyb (D:3)
  2 iguanas
  14 worker ants
  3 hound skeletons
  A worker ant zombie (D:10)
  42 gnolls
  14 adders
  A shadow imp (D:7)
  3 white imps
  An ufetubus (D:8)
  An adder zombie (D:8)
  3 adder skeletons
  2 worms (D:2)
  2 dart slugs
  4 leopard geckos
  17 orcs
  A ball python (D:2)
  6 bats
  4 giant cockroaches
  4 goblins
  7 hobgoblins
  14 jackals (D:3)
  A quokka (D:4)
  4 frilled lizards
  18 kobolds
  6 rats
279 creatures vanquished.

Vanquished Creatures (others)
  An orc (D:8)
  A plant (D:3)
2 creatures vanquished.

Grand Total: 281 creatures vanquished

Notes
Turn   | Place    | Note
-------+----------+-------------------------------------------
     0 | D:1      | TheGreatAnchovy the Vine Stalker Fighter began the quest
                  | for the Orb.
     0 | D:1      | Reached XP level 1. HP: 11/11 MP: 2/2
   182 | D:1      | Reached XP level 2. HP: 14/16 MP: 3/3
   335 | D:1      | Reached skill level 3 in Shields
   841 | D:2      | Reached XP level 3. HP: 9/20 MP: 1/4
  1150 | D:2      | Found a faded altar of an unknown god.
  1983 | D:2      | Gained mutation: Your natural rate of healing is unusually
                  | fast. [Vine Stalker growth]
  1983 | D:2      | Reached XP level 4. HP: 24/24 MP: 5/5
  2629 | D:3      | Reached XP level 5. HP: 25/28 MP: 4/6
  2634 | D:3      | Noticed Sigmund
  2644 | D:3      | Killed Sigmund
  2645 | D:3      | Reached skill level 4 in Shields
  2645 | D:3      | Reached XP level 6. HP: 15/33 MP: 5/7
  2771 | D:3      | Reached XP level 7. HP: 6/37 MP: 3/8
  2861 | D:3      | Found a sacrificial altar of Ru.
  2932 | D:3      | Reached skill level 5 in Shields
  2933 | D:3      | Found a burning altar of Makhleb.
  3023 | D:3      | Found a stormy altar of Qazlal.
  3252 | D:3      | Noticed Ijyb
  3261 | D:3      | Killed Ijyb
  3333 | D:3      | Found a glowing golden altar of the Shining One.
  3847 | D:4      | Found a bloodstained altar of Trog.
  4097 | D:4      | HP: 1/38 [gnoll/+0 halberd (2)]
  4105 | D:4      | HP: 1/38 [gnoll/+0 hand axe (2)]
  4289 | D:4      | Noticed a shadow
  4290 | D:4      | Found a shadowy altar of Dithmenos.
  4291 | D:4      | Found a hazy altar of Hepliaklqana.
  4467 | D:4      | Gained mutation: You have razor-sharp teeth. [Vine Stalker
                  | growth]
  4467 | D:4      | Reached XP level 8. HP: 42/42 MP: 9/9
  4589 | D:4      | Found a shimmering altar of Xom.
  4794 | D:4      | Reached skill level 6 in Shields
  5031 | D:5      | Entered Level 5 of the Dungeon
  5208 | D:5      | Found a transporter.
  5242 | D:5      | Found a transporter.
  5281 | D:5      | Reached skill level 5 in Fighting
  5349 | D:5      | Found Xevi's Assorted Antiques.
  5353 | D:5      | Noticed Menkaure
  5360 | D:5      | Killed Menkaure
  5376 | D:5      | Found a runed translucent door.
  5476 | D:5      | Found an iron altar of Okawaru.
  5488 | D:5      | Became a worshipper of Warmaster Okawaru
  5538 | D:5      | Found a broken altar of Ashenzari.
  5623 | D:5      | Noticed buriedalive's ghost (novice DECj)
  5641 | D:5      | Killed buriedalive's ghost
  5642 | D:5      | Reached skill level 7 in Shields
  5642 | D:5      | Reached XP level 9. HP: 41/47 MP: 10/10
  5918 | D:3      | Reached * piety under Okawaru
  5923 | D:3      | Reached skill level 5 in Long Blades
  6063 | D:3      | Reached skill level 5 in Armour
  6469 | D:6      | Found a sparkling altar of Nemelex Xobeh.
  6480 | D:6      | Reached ** piety under Okawaru
  6486 | D:6      | Reached skill level 8 in Shields
  6706 | D:6      | Found a radiant altar of Vehumet.
  7247 | D:7      | Got a heavily runed silver amulet
  7300 | D:7      | Identified the amulet "Syaptaz" {Spirit rF+ Str+7 Int+4}
                  | (You found it on level 7 of the Dungeon)
  7343 | D:7      | Reached XP level 10. HP: 44/53 MP: 11/11
  7532 | D:7      | Found a staircase to the Ecumenical Temple.
  7851 | D:8      | Found a hazy altar of Hepliaklqana.
  7853 | D:8      | Reached *** piety under Okawaru
  7999 | D:8      | Found an opulent altar of Gozag.
  8336 | D:8      | Reached skill level 9 in Shields
  8815 | D:9      | Noticed Joseph
  8826 | D:9      | Killed Joseph
  8965 | D:9      | Reached **** piety under Okawaru
  9341 | D:9      | Noticed Erica
  9351 | D:9      | Killed Erica
  9606 | D:9      | Reached ***** piety under Okawaru
  9607 | D:9      | Reached XP level 11. HP: 44/58 MP: 10/12
  9609 | D:9      | Reached skill level 10 in Shields
  9860 | D:10     | Entered Level 10 of the Dungeon
  9860 | D:10     | Found a shimmering altar of Xom.
  9999 | D:10     | Identified the cursed +1 rapier "Ociheh" {drain, *Noise
                  | rPois rC++ Will+}
 10129 | D:10     | Noticed a two-headed ogre
 10134 | D:10     | Killed a two-headed ogre
 10200 | D:10     | Reached skill level 1 in Dodging
 10539 | D:10     | Received a gift from Okawaru
 10542 | D:10     | Gained mutation: Your body sometimes deteriorates upon
                  | taking damage. [potion of mutation]
 10542 | D:10     | Gained mutation: Your magical capacity is low. (-10% MP)
                  | [potion of mutation]
 10542 | D:10     | Gained mutation: Your mind is acute. (Int +2) [potion of
                  | mutation]
 10542 | D:10     | Gained mutation: You are strong-willed. (Will+) [potion of
                  | mutation]
 10544 | D:10     | HP: 2/59 [poisoned by a killer bee]
 10546 | D:10     | Succumbed to a killer bee's poison

Illustrated notes

Levels and vault maps discovered:
D:1:      tarquinn_simple_flora_water_a, layout_loops_ring
D:2:      layout_loops_corners, chequers_ecumenical_altar_simple, serial_glass,
          glass_columns_c, glass_columns_c
D:3:      lemuel_castle_with_subvaults [lemuel_castle_interior_carwin_3],
          layout_loops_ring, marbit_many_paths,
          nicolae_ru_great_annihilating_truth, lemuel_doored_altar,
          nicolae_qazlal_general_emergency, uniq_sigmund, uniq_ijyb
D:4:      layout_layer_cave, riverfiend_overflow_shadow_ancestor,
          kennysheep_mini_moat, bloody_trog
D:5:      gammafunk_steamed_eel, layout_rooms, kennysheep_little_box,
          ebering_ghost_reflecting_pool, serial_shops, nicolae_shop_stone,
          minmay_misc_feat_encased, okawaru_metal_pillars_1_2, uniq_menkaure
D:6:      layout_rooms, basic_altar, dk_noncrumbling_3, minmay_ruined_shrine
D:7:      layout_basic, minmay_temple_entry_nine_rooms
D:8:      layout_loops_cross, grunt_gozag_breadcrumbs, basic_altar,
          grunt_ministairs_1, lemuel_old_faithful
D:9:      layout_stronghold, minmay_misc_feat_four_crosses, uniq_joseph,
          uniq_erica
D:10:     cheibrodos_helix_gallery, layout_long_grid, xom_teletrap_fun

Skill      XL: |  1  2  3  4  5  6  7  8  9 10 11 |
---------------+----------------------------------+-----
Shields        | 3 4 5 7 8 9 10 | 10.6
Long Blades    | 2 3 4 5 6 7 |  7.4
Fighting       | 3 4 5 6 7 |  7.7
Armour         | 3 4 5 6 7 |  7.1
Dodging        | 1 |  1.3

Action                   |  1- 3 |  4- 6 |  7- 9 | 10-12 || total
-------------------------+-------+-------+-------+-------++-------
Melee: Long sword        |    89 |   108 |   382 |   132 ||   711
       Bite              |    18 |    33 |   157 |   115 ||   323
       Scimitar          |       |       |       |   102 ||   102
Invok: Heroism           |       |       |       |     3 ||     3
Evoke: Phantom mirror    |       |       |       |     1 ||     1
  Use: Potion            |       |     1 |    10 |     2 ||    13
       Scroll            |       |       |     6 |     9 ||    15
Armor: Scale mail        |    52 |    43 |   127 |    45 ||   267
Dodge: Dodged            |    24 |    43 |    97 |    73 ||   237
Block: Kite shield       |    60 |    70 |   337 |   170 ||   637
       Reflection        |       |       |     5 |       ||     5
       Rpst.: Long sword |     7 |    11 |    30 |    13 ||    61
       Scimitar          |       |       |       |    11 ||    11
